 Dungeon Crawl Stone Soup version 0.24-a0-443-g80245de (webtiles) character file.

Game seed: 17126707244088158484

187 pikmin25 the Ruffian (level 5, -3/40 HPs)
             Began as a Draconian Transmuter on June 15, 2019.
             Killed from afar by an orc wizard (6 damage)
             ... with a puff of frost
             ... on level 3 of the Dungeon on June 22, 2019.
             The game lasted 00:08:51 (3353 turns).

pikmin25 the Ruffian (Draconian Transmuter)         Turns: 3353, Time: 00:08:52

Health: -3/40      AC:  5    Str: 13    XL:     5   Next: 39%
Magic:  9/9        EV: 12    Int: 14    God:
Gold:   88         SH:  0    Dex: 11    Spells: 8/9 levels left

rFire    . . .     SeeInvis .     - Unarmed
rCold    . . .     Gourm    .   (no shield)
rNeg     . . .     Faith    .   (armour unavailable)
rPois    .         Spirit   .   (helmet restricted)
rElec    .         Reflect  .   (no cloak)
rCorr    .         Harm     .   (no gloves)
MR       .....                  (no boots)
Stlth    +.........             (no amulet)
HPRegen  0.13/turn              (no ring)
MPRegen  0.11/turn              (no ring)

@: no status effects
A: unfitting armour, cold-blooded, AC +5
a: no special abilities


You were on level 3 of the Dungeon.
You were not hungry.

You visited 1 branch of the dungeon, and saw 3 of its levels.

You collected 88 gold pieces.

Inventory:

Hand Weapons
 n - a +0 hunting sling
Missiles
 a - 12 arrows
 q - a throwing net (quivered)
 r - 6 curare-tipped darts
Scrolls
 b - 6 scrolls of identify {unknown}
 d - 4 scrolls of remove curse {unknown}
 e - a scroll of fear {unknown}
 f - a scroll of immolation {unknown}
 g - 2 scrolls of fog {unknown}
 i - 3 scrolls of random uselessness {unknown}
 m - a scroll of blinking {unknown}
Potions
 h - a potion of agility {unknown}
 j - a potion of heal wounds {unknown}
 k - a potion of mutation {unknown}
 l - a potion of lignification
 o - a potion of resistance {unknown}
Comestibles
 c - 4 rations
 p - 3 chunks of flesh


   Skills:
 + Level 1.4 Fighting
 + Level 2.5 Dodging
 + Level 0.9 Stealth
 + Level 4.7 Unarmed Combat
 + Level 2.8 Spellcasting
 + Level 2.4 Transmutations


You had 8 spell levels left.
You knew the following spells:

 Your Spells              Type           Power        Failure   Level  Hunger
a - Beastly Appendage     Tmut           #.....       9%          1    #......

Your spell library contained the following spells:

 Spells                   Type           Power        Failure   Level  Hunger
 Sticks to Snakes         Tmut           #.......     12%         2    ##.....
 Spider Form              Tmut/Pois      #.........   36%         3    ###....
 Ice Form                 Ice/Tmut       #.......     78%         4    #####..
 Blade Hands              Tmut           #.........   92%         5    ######.


Dungeon Overview and Level Annotations

Branches:
Dungeon (3/15)

Altars:


Innate Abilities, Weirdness & Mutations

Your plain brown scales are hard. (AC +5)
You cannot fit into any form of body armour.
You are cold-blooded and may be slowed by cold attacks.


Message History

You hit the orc but do no damage.
The orc is severely wounded.
The orc barely misses you. The orc hits you with a +0 club.
You hit the orc.
You kill the orc!
Items here: $ ) [ ††† You barely miss the orc.
The orc barely misses you.
You barely miss the orc. The orc hits you with a +0 club.
You hit the orc but do no damage. The orc hits you with a +0 club.
* * * LOW HITPOINT WARNING * * *
You hear some strange, mumbled words.
A puff of flame appears from out of thin air!
The puff of flame hits you!
* * * LOW HITPOINT WARNING * * *
You hear some strange, mumbled words.
Okay, then.
A puff of frost appears from out of thin air!
The puff of frost hits you.
You die...

#.# #o######
#÷###......##
#.#..o......#
####.#..........#
#.......{........
#..###..........# #
#..#............#.#
#....###..........#.#
#.........@......#..##
#....####............
####.###...........##
#...)............#
#..###............# #.
#..<.........### ..
#............... ##
##...........###
##>.........#


You could see an orc.

Vanquished Creatures
  Jessica (D:2)
  5 gnolls
  5 adders (D:2)
  3 dart slugs
  3 leopard geckos
  An orc (D:3)
  A ball python (D:1)
  7 giant cockroaches
  7 hobgoblins
  7 jackals
  3 bats
  5 frilled lizards
  A goblin (D:2)
  9 kobolds
  6 rats
64 creatures vanquished.

Notes
Turn   | Place    | Note
-------+----------+-------------------------------------------
     0 | D:1      | pikmin25 the Draconian Transmuter began the quest for the
                  | Orb.
     0 | D:1      | Reached XP level 1. HP: 16/16 MP: 3/3
   743 | D:1      | Reached XP level 2. HP: 23/23 MP: 5/5
   952 | D:1      | Upgraded the game from 0.24-a0-434-gd57e52f to
                  | 0.24-a0-443-g80245de
  1215 | D:1      | Reached XP level 3. HP: 26/28 MP: 4/6
  1476 | D:2      | Reached skill level 4 in Unarmed Combat
  1709 | D:2      | Reached XP level 4. HP: 27/35 MP: 7/7
  1711 | D:2      | Noticed Jessica
  1726 | D:2      | Killed Jessica
  2144 | D:2      | Reached XP level 5. HP: 32/40 MP: 9/9
  2578 | D:2      | HP: 2/40 [poisoned by an adder]
  3340 | D:3      | HP: 1/40 [something/puff of flame (10)]
  3353 | D:3      | Killed from afar by an orc wizard

Levels and vault maps discovered:
D:1:      dpeg_cavernosity, layout_basic, fountainhead, chequers_garden,
          minmay_pentomino_s4
D:2:      layout_rooms, nrook_campfire, cheibrodos_gnoll_hut, uniq_jessica
D:3:      layout_rooms, led_sif_book, first_ration, serial_glass,
          glass_columns_c, glass_columns_c

Skill      XL: |  1  2  3 |
---------------+----------+-----
Unarmed Combat | 4 |  4.7
Dodging        | 2 |  2.5
Fighting       | |  1.4
Stealth        | |  0.9
Spellcasting   | |  2.8
Transmutations | |  2.4

Action                   |  1- 3 |  4- 6 || total
-------------------------+-------+-------++-------
Melee: Unarmed           |   142 |   126 ||   268
       Tailslap          |    15 |     5 ||    20
       Kick              |     9 |     2 ||    11
       Headbutt          |       |     7 ||     7
       Punch             |       |     2 ||     2
Throw: Throwing net      |       |     1 ||     1
 Cast: Beastly Appendage |    13 |    10 ||    23
  Use: Potion            |     3 |       ||     3
  Eat: Chunk             |     2 |       ||     2
       Ration            |       |     2 ||     2
Armor: Skin              |    56 |    36 ||    92
Dodge: Dodged            |    78 |    98 ||   176

Table legend:
 A = Non-vault XP
 B = Vault XP
 C = Vault XP percentage of total XP
 D = Non-vault monster count
 E = Vault monster count
 F = Vault count percentage of total count
                 A         B        C        D         E       F
            +---------+---------+-------+---------+---------+-------
      Total |     200 |      68 |  25.4 |      54 |      10 |  15.6
            +---------+---------+-------+---------+---------+-------
        D:1 |      50 |      14 |  21.9 |      23 |       6 |  20.7
        D:2 |     138 |      54 |  28.1 |      25 |       4 |  13.8
        D:3 |      12 |       0 |   0.0 |       6 |       0 |   0.0
            +---------+---------+-------+---------+---------+-------
